 Dungeon Crawl Stone Soup version 0.20.1-1-g8b1a95d (webtiles) character file.

179 vineage the Shield-Bearer (level 5, -1/76 HPs)
             Began as a Minotaur Fighter on Aug 24, 2017.
             Slain by a slave (2 damage)
             ... led by Pikel
             ... on level 4 of the Dungeon.
             The game lasted 00:04:48 (2162 turns).

vineage the Shield-Bearer (Minotaur Fighter)        Turns: 2162, Time: 00:04:48

Health: -1/76      AC: 22    Str: 27    XL:     5   Next: 32%
Magic:  4/4        EV:  2    Int:  5    God:
Gold:   159        SH: 10    Dex:  9    Spells: 4/4 levels left

rFire    . . .     SeeInvis .   a - +0 long sword
rCold    + . .     Gourm    .   c - +0 shield
rNeg     + + +     Faith    .   (armour currently unavailable)
rPois    +         Spirit   .   (helmet currently unavailable)
rElec    .         Reflect  .   (cloak currently unavailable)
rCorr    .         Harm     .   (gloves currently unavailable)
MR       .....     NoTele   +   (boots currently unavailable)
Stlth    +.........             s - amulet of magic regeneration
Regen    0.3/turn               r - ring of protection from cold
MPRegen  0.2/turn               E - ring of poison resistance

@: mighty, tree-form
A: (retaliatory headbutt), rugged brown scales 1, robust 1, no potion heal 1
a: no special abilities


You were on level 4 of the Dungeon.
You were hungry.
You were a tree.
You visited 1 branch of the dungeon, and saw 4 of its levels.

You collected 159 gold pieces.

Inventory:

Hand Weapons
 a - a +0 long sword (weapon)
Armour
 b - a +0 scale mail
 c - a +0 shield (worn)
 y - a +1 ring mail of poison resistance (melded)
 z - a +2 pair of boots (melded)
Jewellery
 r - a ring of protection from cold (left branch)
 s - an amulet of magic regeneration (around neck)
 E - a ring of poison resistance (right branch)
Wands
 w - a wand of iceblast (10/15)
Scrolls
 e - 2 scrolls of identify
 g - 2 scrolls of noise
 k - a scroll of fear
 l - a scroll of magic mapping {unknown}
 m - 4 scrolls of remove curse
 o - a scroll of teleportation
 u - a scroll of enchant armour
 A - a scroll of recharging {unknown}
Potions
 d - 3 potions of might
 i - 2 potions of lignification
 j - 2 potions of haste
 n - a potion of degeneration {unknown}
 p - a potion of cancellation
 q - 2 potions of flight
 v - 2 potions of resistance
 x - a potion of heal wounds {unknown}
Comestibles
 f - 2 bread rations
 h - 2 fruits
 t - a royal jelly
 C - a meat ration


   Skills:
 + Level 4.2 Fighting
 + Level 4.2 Long Blades
 + Level 4.4 Armour
 + Level 1.5 Dodging
 + Level 4.9 Shields


You had 4 spell levels left.
You didn't know any spells.

Dungeon Overview and Level Annotations

Branches:
Dungeon (4/15)
 Temple: D:4-7

Altars:

Annotations:
D:4 Pikel


Innate Abilities, Weirdness & Mutations

((You reflexively headbutt those who attack you in melee.))
((You have a pair of horns on your head.))
(You are partially covered in rugged brown scales. (AC +1, +3% HP))
You are robust. (+10% HP)
Potions are less effective at restoring your health.


Message History

You block Pikel's attack. The slave closely misses you.
The slave barely misses you. You furiously retaliate!
You headbutt the slave! The slave hits you.
You hit Pikel.
Pikel is lightly wounded.
Pikel hits you with a whip of flaming. Pikel burns you.
* * * LOW HITPOINT WARNING * * *
You block the slave's attack. The slave hits you.
* * * LOW HITPOINT WARNING * * *
The slave hits you.
* * * LOW HITPOINT WARNING * * *
You feel very mighty all of a sudden. Pikel barely misses you.
You furiously retaliate!
You headbutt Pikel!
You block the slave's attack. x2; The slave hits you.
* * * LOW HITPOINT WARNING * * *
You turn into a tree.
Your +2 pair of boots melds into your body.
Your +1 ring mail of poison resistance melds into your body.
Your roots penetrate the ground.
You block Pikel's attack. The slave hits you.
You die...

######## ##### ######
.......#####.... .....
#####........... ...#
.........###.## ...#
#####.##.###.####p..###[
###.##.#......♣K....?.
..........###..pp......
####......# #..........
####.#.# #.##...##..
#.#.. ..# ...# $
..#.##### ...>. ####.#
###.#. #.# .# .#


You could see Pikel and 3 slaves.

Vanquished Creatures
  A slave (D:4)
  An orc priest (D:3)
  A worker ant (D:3)
  3 adders
  An ooze (D:3)
  6 worms
  A dart slug (D:1)
  A leopard gecko (D:1)
  8 orcs (D:3)
  4 giant cockroaches
  6 goblins
  7 hobgoblins
  2 quokkas (D:3)
  A ball python (D:2)
  7 bats
  16 frilled lizards
  3 kobolds (D:1)
  7 rats
76 creatures vanquished.

Notes
Turn   | Place    | Note
-------+----------+-------------------------------------------
     0 | D:1      | vineage the Minotaur Fighter began the quest for the Orb.
     0 | D:1      | Reached XP level 1. HP: 19/19 MP: 0/0
   165 | D:1      | Reached XP level 2. HP: 27/27 MP: 1/1
   729 | D:2      | Reached XP level 3. HP: 33/33 MP: 2/2
  1375 | D:3      | Reached XP level 4. HP: 40/40 MP: 3/3
  1425 | D:3      | Reached skill level 1 in Dodging
  1640 | D:3      | Reached XP level 5. HP: 33/46 MP: 4/4
  1854 | D:3      | Found a faded altar of an unknown god.
  1887 | D:3      | Gained mutation: Potions are less effective at restoring your health. [potion of mutation]
  1887 | D:3      | Gained mutation: You are partially covered in rugged brown scales. (AC +1, +3% HP) [potion of mutation]
  1887 | D:3      | Gained mutation: You are robust. (+10% HP) [potion of mutation]
  2147 | D:4      | Noticed a slave
  2147 | D:4      | Noticed a slave
  2148 | D:4      | Noticed Pikel
  2148 | D:4      | Noticed a slave
  2148 | D:4      | Noticed a slave
  2155 | D:4      | Killed a slave
  2161 | D:4      | HP: 1/51 [slave[Pikel] (5)]
  2162 | D:4      | Slain by a slave

Skill      XL: |  1  2  3  4 |
---------------+-------------+-----
Shields        | 4 |  4.9
Armour         | 4 |  4.4
Long Blades    | 3 4 |  4.2
Fighting       | 4 |  4.2
Dodging        | 1 |  1.5

Action                   |  1- 3 |  4- 6 || total
-------------------------+-------+-------++-------
Melee: Long sword        |   143 |    84 ||   227
       Headbutt          |    12 |    11 ||    23
  Use: Scroll            |       |    14 ||    14
       Potion            |       |     3 ||     3
  Eat: Chunk             |     1 |     3 ||     4
Armor: Scale mail        |    45 |    10 ||    55
       Ring mail         |       |    26 ||    26
Dodge: Dodged            |    39 |    23 ||    62
Block: Shield            |    69 |    59 ||   128
       Rpst.: Long sword |    11 |     8 ||    19
